 Dungeon Crawl Stone Soup version 0.31.0-12-g77e489cdc1 (webtiles) character file.

Game seed: 13601838082978276407

45 Gadfly the Insei (level 3, 0/29 HPs)
             Began as a Demonspawn Monk on Mar 1, 2024.
             Slain by an orc
             ... wielding a +0 mace
              (6 damage)
             ... on level 2 of the Dungeon.
             The game lasted 00:01:16 (952 turns).

Gadfly the Insei (Demonspawn Monk)                   Turns: 952, Time: 00:01:17

Health: 0/29       AC:  2    Str: 13    XL:     3   Next: 42%
Magic:  3/3        EV: 18    Int: 10    God:
Gold:   43         SH:  0    Dex: 15    Spells: 2/2 levels left

rFire   . .          .
                       - Unarmed
rCold   . . .        c - orb {light}
rNeg    . . .        a - +0 robe
rPois   .            (no helmet)
rElec   .            (no cloak)
rCorr   .            (no gloves)
SInv    .            (no boots)
Will    .....        (no amulet)
Stlth   +            b - +5 ring of evasion
HPRegen 0.24/turn    (no ring)
MPRegen 0.08/turn

%: no passive effects
@: glowing
A: hooves 1
a: no special abilities


You were on level 2 of the Dungeon.
You visited 1 branch of the dungeon, and saw 2 of its levels.

You collected 43 gold pieces.

Inventory:

Armour
 a - a +0 robe (worn)
 c - an orb of light (worn)
Jewellery
 b - a +5 ring of evasion (left hand)
Potions
 i - a potion of curing {unknown}


   Skills:
 - Level 3.0 Fighting
 + Level 3.0 Dodging
 * Level 3.1 Unarmed Combat
 * Level 1.3 Evocations
 * Level 1.2 Shapeshifting


You had 2 spell levels left.
You didn't know any spells.
Your spell library contained the following spells:

 Spells                   Type           Power      Damage    Failure   Level
 Blink                    Tloc           0%         N/A       50%         2
 Lesser Beckoning         Tloc           0%         N/A       50%         2
 Momentum Strike          Conj/Tloc      0%         3d8       50%         2


Dungeon Overview and Level Annotations

Branches:
Dungeon (2/15)

Altars:
Vehumet


Innate Abilities, Weirdness & Mutations

You have large cloven feet.


Message History

You hit the kobold but do no damage.
The kobold is moderately wounded.
The kobold closely misses you. The goblin completely misses you.
You hit the kobold.
You kill the kobold!
The goblin closely misses you.
You hit the hobgoblin but do no damage. You kick the hobgoblin.
The hobgoblin is heavily wounded.
The hobgoblin hits you but does no damage.
The goblin barely misses you.
You hit the hobgoblin.
You kill the hobgoblin!
You hit the goblin. You kick the goblin.
The goblin is severely wounded.
The goblin hits you with a +0 dagger.
* * * LOW HITPOINT WARNING * * *
You hit the goblin but do no damage. You kick the goblin.
You kill the goblin!
The orc closely misses you.
You barely miss the orc. Your kick misses the orc. The orc barely misses you.
You hit the orc.
The orc is moderately wounded.
The orc hits you with a +0 mace.
* * * LOW HITPOINT WARNING * * *
You completely miss the orc.
The orc is moderately wounded.
The orc closely misses you.
You hit the orc but do no damage. Your kick misses the orc.
The orc is moderately wounded.
The orc closely misses you.
You hit the orc. You kick the orc, but do no damage.
The orc is heavily wounded.
The orc barely misses you.
You hit the orc. You kick the orc, but do no damage.
The orc is severely wounded.
The orc closely misses you.
You hit the orc but do no damage. Your kick misses the orc.
The orc is severely wounded.
The orc hits you with a +0 mace.
You die...

#################
#.....#.........#
#....@#.........#
#...)o#.........#
#(..............#
#...............#
#.....#.........#
#...............#
######..........#
#..........#
#.........(#


You could see an orc.

Vanquished Creatures
  A gnoll (D:1)
  An adder (D:2)
  2 bats (D:1)
  2 endoplasms (D:1)
  A giant cockroach (D:1)
  2 goblins
  3 hobgoblins
  2 kobolds
  4 quokkas
  2 ball pythons (D:1)
  2 rats (D:1)
22 creatures vanquished.

Notes
Turn   | Place    | Note
-------+----------+-------------------------------------------
     0 | D:1      | Gadfly the Demonspawn Monk began the quest for the Orb.
     0 | D:1      | Reached XP level 1. HP: 18/18 MP: 1/1
   361 | D:1      | Gained mutation: You have large cloven feet. [demonic
                  | ancestry]
   361 | D:1      | Reached XP level 2. HP: 16/24 MP: 2/2
   588 | D:1      | Found a faded altar of an unknown god.
   640 | D:1      | HP: 1/24 [gnoll/+0 club (4)]
   646 | D:1      | Reached skill level 1 in Evocations
   646 | D:1      | Reached skill level 1 in Shapeshifting
   646 | D:1      | Reached XP level 3. HP: 19/29 MP: 3/3
   880 | D:1      | Found a radiant altar of Vehumet.
   952 | D:2      | Slain by an orc

Illustrated notes

Levels and vault maps discovered:
D:1:      dpeg_arrival_lava_altar, layout_loops_ring,
          hellmonk_ecumenical_altar_run_dry, nicolae_titane
D:2:      layout_rooms

Skill      XL: |  1  2  3 |
---------------+----------+-----
Unarmed Combat | 3 |  3.1
Evocations     | 1 |  1.3
Shapeshifting  | 1 |  1.2
Dodging        | 3 |  3.0
Fighting       | |  3.0

Action                     || total
---------------------------++-------
  Melee: Unarmed           ||    87
         Kick              ||    22
    Use: Potion            ||     2
         Scroll            ||     3
 Armour: Robe              ||    47
  Dodge: Dodged            ||    77
